 Dungeon Crawl Stone Soup version 0.27.1-34-g3ba077fa99 (webtiles) character file.

Game seed: 11999585109125481789

2226 cbfl8 the Slicer (level 9, -1/78 HPs)
             Began as a Minotaur Wanderer on Jan 19, 2022.
             Was an Initiate of Yredelemnul.
             Slain by a hornet (9 damage)
             ... on level 8 of the Dungeon.
             The game lasted 00:11:16 (8832 turns).

cbfl8 the Slicer (Minotaur Wanderer)                Turns: 8832, Time: 00:11:17

Health: -1/78      AC: 11    Str: 18    XL:     9   Next: 14%
Magic:  8/8        EV: 10    Int: 16    God:    Yredelemnul [......]
Gold:   312        SH:  0    Dex: 11    Spells: 8/8 levels left

rFire    . . .     SeeInvis .   i - +4 short sword
rCold    . . .     Faith    .   (no shield)
rNeg     . . .     Spirit   .   b - +2 scale mail
rPois    .         Reflect  .   (helmet restricted)
rElec    .         Harm     .   (no cloak)
rCorr    .         Rampage  .   (no gloves)
Will     .....                  u - +0 pair of boots
Stlth    +.........             (no amulet)
HPRegen  0.23/turn              g - +6 ring of intelligence
MPRegen  0.11/turn              (no ring)

@: lethally poisoned (-1 -> -29), slowed, very slow
A: horns 2, retaliatory headbutt
a: Renounce Religion


You were on level 8 of the Dungeon.
You worshipped Yredelemnul.
Yredelemnul was noncommittal.
You visited 2 branches of the dungeon, and saw 9 of its levels.

You collected 312 gold pieces.

Inventory:

Hand Weapons
 a - a +0 falchion
 d - a +0 dagger
 i - a +4 short sword (weapon)
 s - a +2 dagger of protection
 w - a +1 dagger of electrocution
 C - a +2 flail of draining
 D - a +0 dagger of holy wrath
 E - a +1 rapier of flaming
Missiles
 c - 25 poisoned darts (quivered)
 F - a curare-tipped dart
 G - 23 bolts
Armour
 b - a +2 scale mail (worn)
 m - a +1 pair of boots
 u - a +0 pair of boots (worn)
Jewellery
 g - a +6 ring of intelligence (left hand)
 o - an amulet of reflection
Scrolls
 j - 2 scrolls of fog {unknown}
 p - 2 scrolls of amnesia {unknown}
 q - 2 scrolls of teleportation {unknown}
 r - 5 scrolls of identify {unknown}
 v - a scroll of silence {unknown}
 y - a scroll of noise {unknown}
 A - a scroll of enchant weapon {unknown}
Potions
 e - a potion of degeneration {unknown}
 f - 2 potions of brilliance {unknown}
 k - a potion of attraction {unknown}
 l - a potion of magic {unknown}
 n - 2 potions of curing {unknown}
 t - a potion of lignification {unknown}
 x - a potion of invisibility {unknown}
 z - a potion of berserk rage {unknown}
 B - a potion of cancellation {unknown}


   Skills:
 + Level 6.5 Fighting
 + Level 8.6 Short Blades
 + Level 1.1(5.9) Long Blades
 + Level 2.6 Bows
 + Level 1.0 Throwing
 + Level 8.2 Armour
 + Level 3.4 Dodging
 + Level 2.3 Stealth
 + Level 1.1 Unarmed Combat


You had 8 spell levels left.
You didn't know any spells.
Your spell library was empty.

Dungeon Overview and Level Annotations

Branches:
Dungeon (9/15)             Temple (1/1) D:5
   Lair: D:8-11         Orc: D:9-12

Altars:
Ashenzari
Cheibriados
Dithmenos
Elyvilon
Fedhas
Gozag
Hepliaklqana
Kikubaaqudgha
Nemelex Xobeh
Okawaru
Qazlal
Ru
Sif Muna
Trog
Uskayaw
Vehumet
Wu Jian
Xom
Yredelemnul
Zin
The Shining One

Annotations:
D:3 1 runed translucent door, Fractals's ghost, amateur HOFE


Innate Abilities, Weirdness & Mutations

You have a pair of horns on your head.
You reflexively headbutt those who attack you in melee.


Message History

The hornet is almost dead.
The hornet stings you!
You suddenly lose the ability to move!
The bullfrog hits you. The water moccasin barely misses you.
The kobold brigand completely misses you.
The hornet completely misses you.
The bullfrog hits you but does no damage.
The water moccasin bites you!
You are poisoned.
The water moccasin poisons you!
The kobold brigand hits you with a +0 short sword.
The hornet stings you but does no damage.
You feel very sick.
The water moccasin bites you but does no damage.
The hornet stings you but does no damage.
The bullfrog hits you but does no damage.
The kobold brigand hits you with a +0 short sword.
The water moccasin bites you but does no damage.
You feel sick.
The bullfrog hits you but does no damage.
The hornet stings you but does no damage.
The bullfrog hits you but does no damage.
The water moccasin bites you but does no damage.
The kobold brigand hits you with a +0 short sword.
* * * LOW HITPOINT WARNING * * *
The bullfrog hits you but does no damage.
The hornet stings you.
* * * LOW HITPOINT WARNING * * *
You are lethally poisoned!
You feel yourself slow down.
You can move again.
* * * LOW HITPOINT WARNING * * *
You feel very sick. The bullfrog closely misses you.
The water moccasin bites you.
* * * LOW HITPOINT WARNING * * *
You are more poisoned.
The water moccasin poisons you!
The bullfrog hits you but does no damage.
The hornet stings you!
You die...
Your body rises from the dead as a mindless zombie.

#### #### #
.... ...
#.##..##..##
#.#........##
#...........#
#...........
#..FK....#
#..@F....#
#...yS.....#
#......(...#
..#........##
#. ##..##..##
# #### ###


You could see a hornet, a water moccasin, a kobold brigand and 2 bullfrogs.

Vanquished Creatures
  A deep elf pyromancer (D:9)
  Eustachio (D:6)
  Edmund (D:6)
  A water moccasin (D:6)
  A sky beast (D:6)
  2 ice beasts
  A black bear (D:6)
  A necrophage (D:6)
  3 ogres
  A phantom (D:4)
  A kobold brigand (D:6)
  A water moccasin skeleton (D:5)
  A wight (D:6)
  A centaur zombie (D:6)
  3 jellies (D:2)
  2 orc priests
  A centaur skeleton (D:6)
  2 iguanas
  Natasha (D:4)
  An orc wizard (D:5)
  Robin (D:2)
  10 adders
  2 ufetubi
  An adder zombie (D:5)
  3 worms
  A dart slug (D:3)
  11 orcs
  8 bats
  14 endoplasms
  2 giant cockroaches (D:1)
  10 goblins
  6 hobgoblins
  6 jackals
  A quokka (D:1)
  9 ball pythons
  3 frilled lizards
  12 kobolds
  4 rats
131 creatures vanquished.

Vanquished Creatures (others)
  8 fungi (D:2)
  9 toadstools (D:2)
17 creatures vanquished.

Grand Total: 148 creatures vanquished

Notes
Turn   | Place    | Note
-------+----------+-------------------------------------------
     0 | D:1      | cbfl8 the Minotaur Wanderer began the quest for the Orb.
     0 | D:1      | cbfl8 set off with the following items: a +0 falchion, a +2
                  | scale mail, 11 poisoned darts, a +0 dagger
     0 | D:1      | Reached XP level 1. HP: 19/19 MP: 0/0
   593 | D:1      | Reached XP level 2. HP: 27/27 MP: 1/1
  1128 | D:1      | Reached XP level 3. HP: 33/33 MP: 2/2
  1859 | D:2      | Found a shimmering altar of Xom.
  2478 | D:2      | Reached skill level 1 in Short Blades
  2478 | D:2      | Reached skill level 1 in Long Blades
  2478 | D:2      | Reached XP level 4. HP: 33/41 MP: 3/3
  2590 | D:2      | Reached skill level 1 in Dodging
  2590 | D:2      | Reached XP level 5. HP: 14/47 MP: 4/4
  3086 | D:3      | Noticed Robin
  3229 | D:2      | Killed Robin
  3610 | D:3      | Noticed Fractals's ghost (amateur HOFE)
  3611 | D:3      | Found a runed translucent door.
  4085 | D:3      | Found a faded altar of an unknown god.
  4285 | D:4      | Noticed Natasha
  4301 | D:4      | Killed Natasha
  4302 | D:4      | Reached XP level 6. HP: 46/55 MP: 5/5
  5245 | D:5      | Entered Level 5 of the Dungeon
  5253 | D:5      | Reached skill level 5 in Fighting
  5253 | D:5      | Reached skill level 5 in Armour
  5511 | D:5      | Noticed an ice beast
  5521 | D:5      | Reached XP level 7. HP: 53/61 MP: 6/6
  5526 | D:5      | Reached skill level 5 in Short Blades
  5698 | D:5      | Found a staircase to the Ecumenical Temple.
  5718 | Temple   | Entered the Ecumenical Temple
  5958 | Temple   | Became a worshipper of Yredelemnul the Dark
  6109 | D:5      | Found a shimmering blue altar of Sif Muna.
  6403 | D:6      | Noticed Eustachio
  6447 | D:6      | Killed Eustachio
  6448 | D:6      | Reached XP level 8. HP: 40/69 MP: 7/7
  7006 | D:6      | Found a sparkling altar of Nemelex Xobeh.
  7039 | D:6      | Found a stormy altar of Qazlal.
  7227 | D:6      | Noticed Edmund
  7246 | D:6      | Killed Edmund
  8581 | D:6      | You fall into a shaft and drop 3 floors!
  8596 | D:9      | Noticed a deep elf pyromancer
  8617 | D:9      | Killed a deep elf pyromancer
  8618 | D:9      | Reached XP level 9. HP: 16/78 MP: 8/8
  8828 | D:8      | Paralysed by a hornet for 3 turns
  8832 | D:8      | Slain by a hornet

Illustrated notes

Levels and vault maps discovered:
D:1:      mrwooster_arrival_statue_2, layout_loops_ring
D:2:      cheibrodos_fertilizer, layout_basic, basic_altar,
          chequers_serial_rivers_room_a, minmay_misc_feat_encased
D:3:      layout_basic, hellmonk_ecumenical_altar_pennies_from_heaven,
          hellmonk_ghost_happy_afterlife, uniq_robin
D:4:      layout_loops_ring, nicolae_underground_beach, uniq_natasha
D:5:      layout_rooms, lemuel_tele_altar, temple_pool_b
D:6:      layout_loops_ring, lightli_temple_of_fire,
          mainiacjoe_overflow_catch_the_wave, minmay_misc_feat_columns,
          kennysheep_diamond, chequers_avenue, uniq_eustachio, uniq_edmund,
          uniq_crazy_yiuf_cottage
D:8:      layout_loops_ring, st_stairs_5, grunt_ministairs_7,
          kennysheep_generic_room_8, uniq_grum, uniq_maurice, uniq_joseph
D:9:      layout_roguey, david_lair_shrubbed, uniq_erolcha
Temple:   hc_temple_tempest_star

Skill      XL: |  1  2  3  4  5  6  7  8 |
---------------+-------------------------+-----
Fighting       | 4 5 6 |  6.5
Armour         | 3 4 5 6 8 |  8.2
Short Blades   | 1 2 3 4 6 8 |  8.6
Long Blades    | 1 |  1.1
Dodging        | 1 2 3 |  3.4
Stealth        | 2 |  2.3
Bows           | |  2.6
Throwing       | |  1.0
Unarmed Combat | |  1.1

Action                   |  1- 3 |  4- 6 |  7- 9 || total
-------------------------+-------+-------+-------++-------
Melee: Falchion          |    29 |       |       ||    29
       Punch             |     2 |       |     2 ||     4
       Short sword       |    50 |   119 |   174 ||   343
       Headbutt          |     6 |    24 |    39 ||    69
  Use: Potion            |       |       |     1 ||     1
Armor: Scale mail        |    78 |    78 |    88 ||   244
Dodge: Dodged            |    58 |    60 |    78 ||   196
       Rpst.: Falchion   |     6 |       |       ||     6
